 Dungeon Crawl Stone Soup version 0.19.5 (webtiles) character file.

942 mcbry the Thaumaturge (level 7, -1/36 HPs)
             Began as a Deep Elf Wizard on May 9, 2017.
             Slain by a scorpion (9 damage)
             ... on level 5 of the Dungeon.
             The game lasted 00:47:05 (7300 turns).

mcbry the Thaumaturge (Deep Elf Wizard)             Turns: 7300, Time: 00:47:05

Health: -1/36      AC:  2    Str:  4    XL:     7   Next: 88%
Magic:  7/20       EV: 13    Int: 25    God:
Gold:   222        SH:  0    Dex: 13    Spells: 5 memorised, 11 levels left

rFire  . . .     SeeInvis +     i - +4 dagger (freeze)
rCold  . . .     Gourm    .     a - +0 robe
rNeg   . . .     Faith    .     (no shield)
rPois  .         Spirit   .     b - +0 hat
rElec  .         Reflect  .     (no cloak)
rCorr  .         Harm     .     (no gloves)
MR     .....                    (no boots)
Stlth  +++.......               (no amulet)
                                (no ring)
                                o - ring of see invisible

@: no status effects
A: no striking features
a: no special abilities


You were on level 5 of the Dungeon.
You were not hungry.

You visited 1 branch of the dungeon, and saw 5 of its levels.

You collected 222 gold pieces.

Inventory:

Hand Weapons
 e - a +0 dagger
 i - a +4 dagger of freezing (weapon)
 j - a +0 short sword
 s - a +1 dagger of speed
 F - a +0 shortbow
Missiles
 g - 2 silver tomahawks
 h - 104 arrows
 r - a tomahawk of returning (quivered)
 w - 5 javelins
 y - 10 poisoned needles
Armour
 a - a +0 robe (worn)
 b - a +0 hat (worn)
Jewellery
 o - a ring of see invisible (left hand)
 v - an uncursed ring of resist corrosion {unknown}
Scrolls
 f - 6 scrolls of remove curse
 n - 2 scrolls of magic mapping {unknown}
 q - a scroll of immolation {unknown}
 t - 3 scrolls of identify
 u - a scroll of recharging {unknown}
 x - a scroll of fear {unknown}
 D - a scroll of fog
Potions
 k - 2 potions of brilliance
 m - a potion of degeneration {unknown}
 p - 3 potions of might {unknown}
 A - a potion of curing
 B - a potion of flight {unknown}
Books
 c - a book of Minor Magic

   Spells                             Type                      Level
   a - Magic Dart                     Conjuration                  1
   b - Blink                          Translocation                2
   c - Call Imp                       Summoning                    2
   d - Repel Missiles                 Charms/Air                   2
   e - Slow                           Hexes                        2
   f - Conjure Flame                  Conjuration/Fire             3
   g - Mephitic Cloud                 Conjuration/Poison/Air       3
Comestibles
 d - 2 bread rations
 l - a beef jerky
 z - a slice of pizza
 C - a meat ration
 E - 2 chunks of flesh


   Skills:
 + Level 1.9 Short Blades
 + Level 1.3 Bows
 + Level 1.9 Throwing
 + Level 2.8 Dodging
 + Level 4.0 Stealth
 + Level 8.0 Spellcasting
 + Level 5.3 Conjurations
 + Level 1.0 Hexes
   Level 1.1 Summonings
   Level 1.1 Translocations
 + Level 0.9 Fire Magic
 + Level 2.1 Air Magic
 + Level 1.5 Poison Magic


You had 11 spell levels left.
You knew the following spells:

 Your Spells              Type           Power        Failure   Level  Hunger
a - Magic Dart            Conj           ####         1%          1    None
b - Repel Missiles        Chrm/Air       ###...       8%          2    None
c - Slow                  Hex            ###.....     8%          2    None
d - Mephitic Cloud        Conj/Pois/Air  ####....     6%          3    None
e - Conjure Flame         Conj/Fire      ####....     6%          3    None


Dungeon Overview and Level Annotations

Branches:
Dungeon (5/15)
 Temple: D:4-7

Altars:
Cheibriados
Dithmenos
Makhleb
Okawaru
Xom

Shops:
D:4 %


Message History

Casting: Mephitic Cloud
Confirm with . or Enter, or press ? or * to list all spells.
Aiming: Conjure Flame
Press: ? - help, Dir - move target cursor, f - scorpion
Aim: a scorpion (heavily wounded)
Okay, then.
Casting: Conjure Flame
Confirm with . or Enter, or press ? or * to list all spells.
Aiming: Slow
Press: ? - help, Shift-Dir - straight line, f - scorpion
Aim: a scorpion (heavily wounded, chance to defeat MR: 51%)
The scorpion resists with significant effort.
The scorpion misses you.
Casting: Slow
Confirm with . or Enter, or press ? or * to list all spells.
Aiming: Slow
Press: ? - help, Shift-Dir - straight line, f/p - scorpion
Aim: a scorpion (heavily wounded, chance to defeat MR: 51%)
The scorpion seems to slow down.
The scorpion stings you!
You die...

.. .. .. #. .
######. .
....((( #
#..((#########
.
#).5s........
#....#@"#####
#...##.(##
#... ##.÷#
#... #..# #...
#..## #...
##†.## #..#
#...###
##....###
#.......####


You could see a scorpion and a crimson imp.

Vanquished Creatures
  A sky beast (D:5)
  2 ogres
  2 centaurs (D:5)
  A scorpion (D:4)
  3 hounds
  A centaur skeleton (D:4)
  2 orc priests (D:3)
  2 orc wizards (D:3)
  A bullfrog skeleton (D:5)
  A worker ant (D:4)
  2 gnolls (D:5)
  7 adders
  2 howler monkey skeletons
  3 worms
  3 dart slugs
  3 leopard geckos
  7 orcs (D:3)
  4 giant cockroaches
  10 goblins
  11 hobgoblins
  6 jackals
  2 quokkas
  8 bats
  9 frilled lizards
  12 kobolds
  A leopard gecko skeleton (D:5)
  A quokka skeleton (D:5)
  8 rats
115 creatures vanquished.

Notes
Turn   | Place    | Note
-------+----------+-------------------------------------------
     0 | D:1      | mcbry the Deep Elf Wizard began the quest for the Orb.
     0 | D:1      | Reached XP level 1. HP: 10/10 MP: 7/7
   318 | D:1      | Reached XP level 2. HP: 15/15 MP: 5/9
   594 | D:1      | Reached skill level 5 in Spellcasting
  1061 | D:1      | Learned a level 2 spell: Repel Missiles
  1064 | D:1      | Learned a level 2 spell: Slow
  1211 | D:2      | Reached XP level 3. HP: 19/19 MP: 6/11
  1768 | D:2      | Found a shadowy altar of Dithmenos.
  1768 | D:2      | Found a shimmering altar of Xom.
  1825 | D:2      | Reached skill level 1 in Short Blades
  2055 | D:2      | Learned a level 3 spell: Mephitic Cloud
  2059 | D:2      | Learned a level 3 spell: Conjure Flame
  2104 | D:2      | Found a burning altar of Makhleb.
  2215 | D:2      | Reached XP level 4. HP: 24/24 MP: 4/13
  2879 | D:3      | Reached skill level 1 in Hexes
  3092 | D:3      | Reached skill level 6 in Spellcasting
  3508 | D:3      | Reached XP level 5. HP: 28/28 MP: 11/15
  4677 | D:3      | Reached skill level 1 in Air Magic
  4677 | D:3      | Reached XP level 6. HP: 23/32 MP: 2/17
  5348 | D:4      | Reached skill level 1 in Throwing
  5400 | D:4      | Found Zattium's Food Boutique.
  5448 | D:4      | Reached skill level 1 in Poison Magic
  5738 | D:4      | Found a snail-covered altar of Cheibriados.
  5862 | D:4      | Reached skill level 7 in Spellcasting
  6754 | D:5      | Entered Level 5 of the Dungeon
  6754 | D:5      | Noticed a sky beast
  6762 | D:5      | Killed a sky beast
  6762 | D:5      | Reached XP level 7. HP: 36/36 MP: 9/19
  6963 | D:5      | Found an iron altar of Okawaru.
  7225 | D:5      | Reached skill level 5 in Conjurations
  7282 | D:5      | Reached skill level 8 in Spellcasting
  7290 | D:5      | Reached skill level 1 in Bows
  7300 | D:5      | Slain by a scorpion

Skill      XL: |  1  2  3  4  5  6  7 |
---------------+----------------------+-----
Spellcasting   | 5 6 7 8 |  8.0
Stealth        | 3 4 |  4.0
Short Blades   | 1 |  1.9
Hexes          | 1 |  1.0
Conjurations   | 2 3 4 5 |  5.3
Air Magic      | 1 2 |  2.1
Throwing       | 1 |  1.9
Poison Magic   | 1 |  1.5
Bows           | 1 |  1.3
Dodging        | |  2.8
Summonings     | |  1.1
Translocations | |  1.1
Fire Magic     | |  0.9

Action                   |  1- 3 |  4- 6 |  7- 9 || total
-------------------------+-------+-------+-------++-------
Melee: Short sword       |    49 |       |       ||    49
       Dagger            |    26 |    29 |    16 ||    71
 Fire: Hunting sling     |     2 |    14 |       ||    16
       Shortbow          |       |       |    21 ||    21
Throw: Tomahawk          |       |    14 |       ||    14
 Cast: Magic Dart        |    82 |   167 |    46 ||   295
       Slow              |    11 |     1 |     2 ||    14
       Repel Missiles    |     1 |       |       ||     1
       Mephitic Cloud    |     2 |    19 |     4 ||    25
       Conjure Flame     |       |     3 |       ||     3
  Use: Potion            |     3 |     2 |     1 ||     6
       Scroll            |     3 |       |       ||     3
 Stab: Confused          |       |     1 |       ||     1
  Eat: Chunk             |     3 |     1 |       ||     4
       Beef jerky        |     1 |       |       ||     1
       Bread ration      |       |     2 |       ||     2
       Meat ration       |       |     1 |       ||     1
Armor: Robe              |    12 |     4 |     6 ||    22
Dodge: Dodged            |    59 |    22 |    23 ||   104
       Deflected         |     1 |       |       ||     1
